General information
- name: BNet
- type: Ladder team game (AT/RT)
- host: Battle.net
- saver: PIESOFTHENORTH
map: DragonFire
- players: 6
- length: 18:43
- speed: Fast
- version: 1.26 WAR3
- replay type: Public
» download(90 KB)
Players
team 1 (loser)

»
TrollKing (
blue | 58 APM | 1074 actions | 18:25)
4 Far Seer
2 Feral Spirit
2 Chain Lighting
» actions
| Assign group hotkey | 45 | |
| Basic commands | 12 | |
| Build / train | 34 | |
| ESC pressed | 4 | |
| Enter build submenu | 22 | |
| Enter hero's abilities submenu | 4 | |
| Give item / drop item | 1 | |
| Right click | 545 | |
| Select / deselect | 242 | |
| Select group hotkey | 104 | |
| Use ability | 61 | |
1074 total
» units
| Peon | 12 | |
| Forest Troll Shadow Priest | 1 | |
| Forest Troll Berserker | 1 | |
| Ogre Mauler | 1 | |
| Wind Rider | 2 | |
| Raider | 5 | |
22 total
» upgrades
| Envenomed Spears | 1 | |
| Ensnare | 1 | |
| Pillage | 1 | |
3 total
» buildings
| Altar of Storms | 1 | |
| Orc Burrow | 5 | |
| War Mill | 1 | |
| Watch Tower | 9 | |
| Stronghold | 1 | |
| Fortress | 1 | |
| Beastiary | 3 | |
21 total
» build order
00:10 Altar of Storms
00:12 Orc Burrow
00:44 War Mill
02:01 Watch Tower
02:14 Watch Tower
02:40 Stronghold
03:46 Watch Tower
03:51 Watch Tower
03:53 Watch Tower
04:02 Watch Tower
04:26 Orc Burrow
04:46 Fortress
05:43 Beastiary
05:46 Beastiary
05:49 Beastiary
06:01 Watch Tower
07:39 Orc Burrow
08:26 Orc Burrow
09:08 Orc Burrow
10:37 Watch Tower
10:40 Watch Tower
» items
| Wand of Negation | 1 | |
| Scroll of Town Portal | 1 | |
2 total
Hypoxis (
yellow | 37 APM | 658 actions | 17:44)
4 Far Seer
2 Feral Spirit
2 Chain Lighting
3 Tauren Chieftain
2 War Stomp
1 Shockwave
» actions
| Build / train | 40 | |
| Enter build submenu | 11 | |
| Enter hero's abilities submenu | 7 | |
| Remove unit from queue | 2 | |
| Right click | 305 | |
| Select / deselect | 247 | |
| Use ability | 46 | |
658 total
» units
| Peon | 3 | |
| Shaman | 6 | |
| Wind Rider | 8 | |
| Troll Witch Doctor | 6 | |
23 total
» upgrades
| Shaman Training | 2 | |
| Witch Doctor Training | 2 | |
4 total
» buildings
| Altar of Storms | 1 | |
| Orc Burrow | 6 | |
| War Mill | 1 | |
| Stronghold | 1 | |
| Beastiary | 1 | |
| Spirit Lodge | 1 | |
| Fortress | 1 | |
| Watch Tower | 1 | |
13 total
» build order
00:08 Altar of Storms
00:11 Orc Burrow
01:49 War Mill
01:52 Stronghold
02:37 Orc Burrow
03:58 Beastiary
04:03 Spirit Lodge
04:26 Fortress
06:20 Orc Burrow
07:44 Orc Burrow
08:48 Orc Burrow
11:33 Orc Burrow
14:27 Watch Tower

»
Bobby_Light99 (
pink | 31 APM | 577 actions | 18:41)
4 Death Knight
2 Death Coil
2 Unholy Aura
1 Lich
1 Frost Nova
» actions
| Build / train | 28 | |
| Enter build submenu | 11 | |
| Enter hero's abilities submenu | 5 | |
| Remove unit from queue | 3 | |
| Right click | 367 | |
| Select / deselect | 140 | |
| Use ability | 23 | |
577 total
» units
| Acolyte | 2 | |
| Crypt Fiend | 12 | |
| Ghoul | 1 | |
15 total
» upgrades
» buildings
| Altar of Darkness | 2 | |
| Graveyard | 1 | |
| Ziggurat | 4 | |
| Crypt | 2 | |
| Halls of the Dead | 1 | |
| Spirit Tower | 2 | |
12 total
» build order
00:33 Altar of Darkness
00:36 Graveyard
00:40 Ziggurat
01:00 Crypt
01:28 Altar of Darkness
02:24 Ziggurat
04:06 Crypt
04:58 Ziggurat
07:21 Halls of the Dead
08:19 Spirit Tower
08:26 Ziggurat
12:25 Spirit Tower
team 2 (winner)

»
WCBA10 (
orange | 45 APM | 849 actions | 18:42)
6 Death Knight
3 Death Coil
1 Unholy Aura
1 Death Pact
1 Animate Dead
5 Dreadlord
3 Sleep
2 Vampiric Aura
» actions
| Assign group hotkey | 20 | |
| Basic commands | 89 | |
| Build / train | 53 | |
| ESC pressed | 6 | |
| Enter build submenu | 12 | |
| Enter hero's abilities submenu | 12 | |
| Give item / drop item | 3 | |
| Right click | 350 | |
| Select / deselect | 163 | |
| Select group hotkey | 98 | |
| Use ability | 43 | |
849 total
» units
| Acolyte | 12 | |
| Ghoul | 3 | |
| Crypt Fiend | 9 | |
| Forest Troll Shadow Priest | 2 | |
| Ogre Mauler | 1 | |
| Gargoyle | 3 | |
30 total
» upgrades
| Creature Carapace | 3 | |
| Creature Attack | 3 | |
| Web | 1 | |
7 total
» buildings
| Graveyard | 1 | |
| Crypt | 2 | |
| Ziggurat | 4 | |
| Altar of Darkness | 1 | |
| Halls of the Dead | 1 | |
| Black Citadel | 1 | |
10 total
» build order
00:22 Graveyard
00:26 Crypt
00:28 Ziggurat
00:52 Altar of Darkness
01:17 Ziggurat
03:41 Halls of the Dead
04:33 Ziggurat
05:35 Ziggurat
07:37 Crypt
08:54 Black Citadel

»
PIESOFTHENORTH (
purple | 51 APM | 954 actions | 18:43)
4 Priestess of the Moon
2 Trueshot Aura
2 Searing Arrows
» actions
| Assign group hotkey | 26 | |
| Basic commands | 75 | |
| Build / train | 52 | |
| Enter build submenu | 23 | |
| Enter hero's abilities submenu | 4 | |
| Right click | 253 | |
| Select / deselect | 267 | |
| Select group hotkey | 226 | |
| Use ability | 28 | |
954 total
» units
» upgrades
| Strength of the Moon | 3 | |
| Moon Armor | 4 | |
| Improved Bows | 1 | |
| Ultravision | 1 | |
| Marksmanship | 1 | |
10 total
» buildings
| Ancient of War | 3 | |
| Moon Well | 5 | |
| Altar of Elders | 1 | |
| Hunter's Hall | 1 | |
| Tree of Ages | 1 | |
| Ancient of Lore | 2 | |
| Tree of Life | 1 | |
| Ancient Protector | 5 | |
| Tree of Eternity | 1 | |
20 total
» build order
00:13 Ancient of War
00:20 Moon Well
00:37 Ancient of War
01:03 Altar of Elders
02:15 Moon Well
02:25 Moon Well
02:46 Ancient of War
03:12 Hunter's Hall
05:01 Tree of Ages
08:12 Ancient of Lore
08:47 Tree of Life
09:11 Ancient of Lore
10:45 Ancient Protector
10:51 Ancient Protector
10:53 Ancient Protector
11:31 Tree of Eternity
12:39 Ancient Protector
12:44 Ancient Protector
17:31 Moon Well
17:34 Moon Well
» items
fuzzybunnie (
green | 21 APM | 395 actions | 18:42)
5 Far Seer
3 Feral Spirit
2 Chain Lighting
» actions
| Basic commands | 132 | |
| Build / train | 37 | |
| Enter build submenu | 15 | |
| Enter hero's abilities submenu | 5 | |
| Right click | 12 | |
| Select / deselect | 136 | |
| Use ability | 58 | |
395 total
» units
» upgrades
» buildings
| Orc Burrow | 7 | |
| Altar of Storms | 1 | |
| Stronghold | 1 | |
| War Mill | 1 | |
| Fortress | 1 | |
| Beastiary | 2 | |
| Great Hall | 1 | |
| Watch Tower | 2 | |
16 total
» build order
00:15 Orc Burrow
00:31 Altar of Storms
01:51 Stronghold
02:00 War Mill
03:13 Orc Burrow
03:57 Fortress
04:03 Beastiary
04:20 Beastiary
05:05 Orc Burrow
07:32 Orc Burrow
08:00 Orc Burrow
10:43 Orc Burrow
10:46 Orc Burrow
11:35 Great Hall
12:26 Watch Tower
12:30 Watch Tower
Chat log
(00:09 / Allies) WCBA10: 100
(06:01 / Allies) WCBA10: green
(06:06 / Allies) fuzzybunnie: yes
(06:18 / Allies) WCBA10: at least get wolves
(06:23 / Allies) fuzzybunnie: k
(06:23 / Allies) WCBA10: if youre going to bum
(07:19 / Allies) WCBA10: get outta there green
(07:35 / Allies) fuzzybunnie: i did
(09:10 / Allies) WCBA10: creep your mines you guys
(12:49 / Allies) WCBA10: meet
(12:58 / Allies) WCBA10: green
(12:58 / Allies) PIESOFTHENORTH: gotta run to grab a tp
(13:08 / Allies) WCBA10: no
(13:09 / Allies) WCBA10: fight
(13:15 / Allies) WCBA10: see
(13:17 / Allies) WCBA10: fucking shit
(13:22 / Allies) PIESOFTHENORTH: yeah
(13:25 / Allies) PIESOFTHENORTH: nobody said you had to go in there
(13:38 / Allies) WCBA10: comg
(13:39 / Allies) PIESOFTHENORTH: there was no reason for it
(13:57 / Allies) WCBA10: fighgt
(13:58 / Allies) WCBA10: lets go
(14:51 / All) WCBA10: sshhh
(15:09 / All) TrollKing: If i wanted to win i would mass fiends too
(15:16 / All) PIESOFTHENORTH: You didn't want to win?
(15:18 / All) TrollKing: u aint specxial
(15:24 / All) TrollKing: nah playin for fun atm
(15:28 / All) PIESOFTHENORTH: ok
(15:33 / All) WCBA10: ive had no upkeep all game
(15:43 / All) PIESOFTHENORTH: Whatever you say
(15:47 / All) TrollKing: teched fiends...
(15:54 / All) WCBA10: no upkeep....
(15:58 / All) TrollKing: and?
(16:02 / 6) Bobby_Light99: hes a fucking tryhard don't let him fool you
(16:04 / All) TrollKing: all ur fiends just died
(16:06 / All) TrollKing: I saw them
(16:08 / All) PIESOFTHENORTH: "he teched fiends"
(16:10 / All) TrollKing: u can watch replay to refresh ur mind
(16:11 / All) PIESOFTHENORTH: aka
(16:16 / All) PIESOFTHENORTH: "he built a fucking graveyard
(16:18 / All) PIESOFTHENORTH: "
(16:21 / All) TrollKing: ur a dumb ass
(16:22 / All) WCBA10: u can watch the replay and learn how to play with ud
(16:23 / All) TrollKing: teched
(16:26 / All) TrollKing: an adjective
(16:27 / All) WCBA10: good sentence
(16:28 / All) TrollKing: not a noun
(16:33 / All) PIESOFTHENORTH: It's a fucking verb you dolt
(16:35 / All) WCBA10: keep feeding me bro
(16:39 / All) TrollKing: teched fiends
(16:42 / All) TrollKing: as in describing fiends
(16:46 / All) TrollKing: your a fucking idiot
(16:47 / All) PIESOFTHENORTH: oh
(16:50 / All) PIESOFTHENORTH: you mean he upgraded fiends?
(16:53 / All) TrollKing: derrrr
(16:54 / All) TrollKing: DERRR
(16:57 / All) PIESOFTHENORTH: What a terrible thing to do
(17:01 / All) PIESOFTHENORTH: Upgrading the units you built
(17:06 / All) TrollKing: sigh
(17:08 / All) TrollKing: thats my point
(17:10 / All) TrollKing: moron
(17:17 / All) PIESOFTHENORTH: It's a retarded point
(17:20 / All) WCBA10: low upkeep now
(17:25 / All) TrollKing: ur just not capable
(17:27 / All) TrollKing: of intelligent thought
(17:29 / All) WCBA10: youre*
(17:34 / All) TrollKing: actually
(17:36 / All) TrollKing: look that up
(17:40 / All) PIESOFTHENORTH: uh
(17:43 / All) WCBA10: haha
(17:43 / All) TrollKing: its now officially change3d
(17:45 / All) Bobby_Light99: hes a fag
(17:47 / All) TrollKing: by MLA
(17:51 / All) TrollKing: seriously, look it up
(17:52 / All) PIESOFTHENORTH: I never complain that my opponents upgrade their units
(17:59 / All) WCBA10: it changed to ur
(18:00 / All) PIESOFTHENORTH: Because that's completely fucking retarded
(18:04 / All) TrollKing: they dont distinguish between your and you're now
(18:21 / All) TrollKing: whatever, ur all nubs, id 1v1 any of u
(18:24 / All) WCBA10: hey make more towers in UR base
(18:25 / All) PIESOFTHENORTH: ok
(18:30 / 6) Bobby_Light99: hes a fag
(18:35 / 6) Bobby_Light99: hes been yelling at me all game lol
(18:40 / All) PIESOFTHENORTH: i could imagine